 Dungeon Crawl Stone Soup version 0.31-a0-460-g9e667d4245 (webtiles) character file.

Game seed: 5710019981976631487

1 MisterAzrael the Caller (level 1, 0/10 HPs)
             Began as a Deep Elf Summoner on Aug 4, 2023.
             Slain by a frilled lizard (1 damage)
             ... on level 1 of the Dungeon.
             The game lasted 00:00:32 (85 turns).

MisterAzrael the Caller (Deep Elf Summoner)           Turns: 85, Time: 00:00:33

Health: 0/10       AC:  2    Str:  5    XL:     1   Next: 16%
Magic:  5/6        EV: 12    Int: 19    God:
Gold:   0          SH:  0    Dex: 15    Spells: 5/6 levels left

rFire   . . .        c - staff of conjuration
rCold   . . .        (no shield)
rNeg    . . .        a - +0 robe
rPois   .            (no helmet)
rElec   .            (no cloak)
rCorr   .            (no gloves)
SInv    .            (no boots)
Will    .....        (no amulet)
Stlth   ++           (no ring)
HPRegen 0.21/turn    (no ring)
MPRegen 0.10/turn

%: no passive effects
@: no status effects
A: no striking features
a: no special abilities


You were on level 1 of the Dungeon.
You visited 1 branch of the dungeon, and saw 1 of its levels.

Inventory:

Armour
 a - a +0 robe (worn)
Magical Staves
 c - a staff of conjuration (weapon)
Scrolls
 d - a scroll of enchant weapon {unknown}
Potions
 b - a potion of magic


   Skills:
 + Level 0.1 Staves
 - Level 2.4 Dodging
 - Level 2.4 Stealth
 + Level 3.0 Spellcasting
 * Level 4.4 Summonings


You had 5 spell levels left.
You knew the following spells:

 Your Spells              Type           Power      Damage    Failure   Level
a - Summon Small Mammal   Summ           76%        N/A       2%          1

Your spell library contained the following spells:

 Spells                   Type           Power      Damage    Failure   Level
 Call Imp                 Summ           38%        N/A       3%          2
 Call Canine Familiar     Summ           19%        N/A       8%          3
 Summon Guardian Golem    Hex/Summ       11%        N/A       19%         3
 Summon Lightning Spire   Summ/Air       11%        N/A       52%         4


Dungeon Overview and Level Annotations

Branches:
Dungeon (1/15)

Altars:


Message History

Your rat bites the bat.
The bat dies!
Your bat disappears in a puff of smoke!
Your rat disappears in a puff of smoke!
Magic restored.
There is a stone staircase leading down here.
Your quokka disappears in a puff of smoke!
d - a scroll labelled TASEST JURCH A frilled lizard comes into view.
A frilled lizard is nearby!
A kobold comes into view. It is wielding a +0 dagger.
A ball python comes into view.
The ball python hisses angrily.
The kobold shouts!
You hear a shout! x2
You swap places.
Something barely misses your quokka.
Your quokka closely misses the kobold.
The kobold closely misses your quokka.
The ball python bites you but does no damage.
The ball python misses you.
Your quokka bites the kobold.
The kobold barely misses your quokka.
Your quokka closely misses the kobold.
Your quokka bites the kobold.
The kobold dies!
The ball python bites you. The ball python grabs you.
The ball python constricts you.
The ball python's grasp on you weakens, but your attempt to escape fails.
The frilled lizard bites you.
A hobgoblin comes into view.
The ball python closely misses you. The ball python constricts you.
You escape the ball python's grasp.
You are too injured to fight recklessly!
The ball python attacks as you move away!
The ball python bites you.
* * * LOW HITPOINT WARNING * * *
Your quokka barely misses the frilled lizard.
The ball python bites you.
* * * LOW HITPOINT WARNING * * *
The ball python completely misses you.
The frilled lizard attacks as you move away!
The frilled lizard bites you.
You die...

...###. +.....<.....#
.......######......#####
...#.....##.##....###..##
............[#...## #...##
.#.#...##....#..## #....#
.............#.## #....#
.......##....#'######....#
....g...r.....>..........#
##.#...#r.S@†............#
#.....##.l..............#
##.#....#..............##
#...##.##.....##.....##
##.. #. ############## #..
#. #.. #. ##


You could see a hobgoblin, a ball python (ally target), a frilled lizard and 2
friendly quokkas.

Vanquished Creatures (collateral kills)
  A bat (D:1)
  A kobold (D:1)
2 creatures vanquished.

Notes
Turn   | Place    | Note
-------+----------+-------------------------------------------
     0 | D:1      | MisterAzrael the Deep Elf Summoner began the quest for the
                  | Orb.
     0 | D:1      | Reached XP level 1. HP: 10/10 MP: 6/6
    85 | D:1      | Slain by a frilled lizard

Illustrated notes

Levels and vault maps discovered:
D:1:      mrwooster_arrival_arrow, layout_rooms, serial_shops,
          nicolae_shop_waterfront

Action                     || total
---------------------------++-------
   Cast: Summon Small Mamm ||     6
 Armour: Robe              ||     2
  Dodge: Dodged            ||     6

Table legend: (Time is in decaauts)
 A = Elapsed time spent in this place.
 B = Non-inter-level travel time spent in this place.
 C = Inter-level travel time spent in this place.
 D = Time resting spent in this place.
 E = Time spent auto-exploring this place.
 F = Levels seen in this place.
 G = Mean time per level.
                   A        B        C        D        E       F      G
               +--------+--------+--------+--------+--------+-----+--------+
         Total |     84 |     84 |      0 |      0 |     46 |   1 |   84.0 |
       Dungeon |     84 |     84 |      0 |      0 |     46 |   1 |   84.0 |
               +--------+--------+--------+--------+--------+-----+--------+

Top non-repeatable levels by time:
     D:1: 84 daAuts
